 Dungeon Sprint DCSS version 0.26-a0-1184-g95e395e029 (webtiles) character file.

Game seed: 6766872307846715775

23376 rocky1 the Devastator (level 13, -6/80 HPs)
             Began as a Tengu Air Elementalist on Dec 28, 2020.
             Was a High Priest of Sif Muna.
             Killed from afar by a fire giant (59 damage)
             ... with a fireball
             ... in the Dungeon (Sprint IX: "|||||||||||||||||||||||||||||").
             The game lasted 00:26:50 (3177 turns).

rocky1 the Devastator (Tengu Air Elementalist)      Turns: 3177, Time: 00:26:51

Health: -6/80      AC: 10    Str: 14    XL:     13   Next: 6%
Magic:  29/29      EV: 19    Int: 20    God:    Sif Muna [*****.]
Gold:   175        SH:  0    Dex: 16    Spells: 10/35 levels left

rFire    . . .     SeeInvis .   o - +2 scimitar (flame)
rCold    + . .     Faith    .   (no shield)
rNeg     . . .     Spirit   .   B - +3 leather armour {rC+}
rPois    .         Reflect  .   (helmet restricted)
rElec    .         Harm     .   F - +1 cloak
rCorr    .         Rampage  .   u - +0 pair of gloves
Will     .....     NoTele   +   (boots unavailable)
Stlth    ++........             (no amulet)
HPRegen  0.23/turn              q - +6 ring of strength
MPRegen  0.21/turn              n - +2 ring of evasion

@: no status effects
A: beak, talons 3, able to fly
a: Fly, Renounce Religion, Channel Magic, Forget Spell, Divine Exegesis


You were in the Dungeon.
You worshipped Sif Muna.
Sif Muna was extremely pleased with you.
You visited 1 branch You collected 1927 gold pieces.
You spent 1752 gold pieces at shops.

Inventory:

Hand Weapons
 o - a +2 scimitar of flaming (weapon)
Armour
 u - a +0 pair of gloves (worn)
 B - a +3 leather armour of cold resistance (worn)
 C - a +1 robe of fire resistance
 F - a +1 cloak (worn)
Jewellery
 n - a +2 ring of evasion (right hand)
 q - a +6 ring of strength (left hand)
 D - an uncursed ring of poison resistance
 E - an uncursed ring of see invisible
Wands
 l - a wand of iceblast (10)
Scrolls
 a - a scroll of fear
 h - 3 scrolls of blinking
 j - 6 scrolls of remove curse
 k - 2 scrolls of amnesia
 r - 4 scrolls of enchant armour
 s - a scroll of fog
 t - 3 scrolls of identify
 w - a scroll of brand weapon
 x - a scroll of enchant weapon
 z - a scroll of immolation
Potions
 b - a potion of resistance
 c - 11 potions of curing
 d - 5 potions of heal wounds
 e - 3 potions of haste
 f - 4 potions of magic
 g - a potion of berserk rage
 i - 2 potions of invisibility
 p - 2 potions of brilliance
 A - 2 potions of cancellation


   Skills:
 - Level 9.0 Fighting
 + Level 13.3 Long Blades
 - Level 7.9 Armour
 - Level 8.4 Dodging
 - Level 2.0 Stealth
 + Level 11.7 Spellcasting
 + Level 18.1 Conjurations
 + Level 10.2 Fire Magic
 - Level 6.0 Ice Magic
 + Level 17.8 Air Magic
 - Level 10.2 Invocations


You had 10 spell levels left.
You knew the following spells:

 Your Spells              Type           Power        Failure   Level
a - Shock                 Conj/Air       100%         0%          1
b - Lightning Bolt        Conj/Air       35%          1%          5
c - Airstrike             Air            35%          1%          4
d - Frozen Ramparts       Ice            70%          1%          3
e - Ozocubu's Armour      Ice            35%          1%          3
f - Fire Storm            Conj/Fire      31%          100%        9

Your spell library contained the following spells:

 Spells                   Type           Power        Failure   Level
 Magic Dart               Conj           100%         0%          1
 Searing Ray              Conj           100%         0%          2
 Swiftness                Air            70%          0%          2
 Static Discharge         Conj/Air       70%          0%          3
 Foxfire                  Conj/Fire      100%         1%          1
 Freeze                   Ice            100%         1%          1
 Poisonous Vapours        Pois/Air       94%          1%          2
 Conjure Flame            Conj/Fire      62%          1%          3
 Dazzling Flash           Conj/Hex       94%          1%          3
 Mephitic Cloud           Conj/Pois/Air  56%          1%          3
 Stone Arrow              Conj/Erth      94%          1%          3
 Fulminant Prism          Conj/Hex       23%          1%          4
 Hailstorm                Conj/Ice       56%          1%          4
 Sticky Flame             Conj/Fire      62%          1%          4
 Fireball                 Conj/Fire      31%          1%          5
 Iskenderun's Battlesphe  Conj           71%          1%          5
 Conjure Ball Lightning   Conj/Air       35%          1%          6
 Ensorcelled Hibernation  Hex/Ice        46%          3%          2
 Freezing Cloud           Conj/Ice/Air   30%          3%          6
 Starburst                Conj/Fire      31%          3%          6
 Orb of Destruction       Conj           35%          3%          7
 Bolt of Magma            Conj/Fire/Erth 24%          4%          5
 Irradiate                Conj/Tmut      23%          4%          5
 Silence                  Hex/Air        23%          4%          5
 Ignite Poison            Fire/Tmut/Pois 25%          5%          3
 Sting                    Tmut/Pois      44%          7%          1
 Summon Small Mammal      Summ           44%          7%          1
 Portal Projectile        Hex/Tloc       22%          21%         3
 Summon Ice Beast         Ice/Summ       23%          21%         4
 Iron Shot                Conj/Erth      23%          26%         6
 Metabolic Englaciation   Hex/Ice        11%          50%         5
 Animate Dead             Necr           5%           56%         4
 Cause Fear               Hex            5%           56%         4
 Dispel Undead            Necr           11%          56%         4
 Leda's Liquefaction      Hex/Erth       5%           56%         4
 Olgreb's Toxic Radiance  Pois           11%          56%         4
 Passage of Golubria      Tloc           N/A          56%         4
 Petrify                  Tmut/Erth      11%          56%         4
 Spellforged Servitor     Conj/Summ      23%          82%         7
 Shadow Creatures         Summ           N/A          100%        6
 Lehudib's Crystal Spear  Conj/Erth      23%          100%        8


Dungeon Overview and Level Annotations

Branches:
Dungeon (1/1)

Altars:
Cheibriados
Dithmenos
Elyvilon
Fedhas
Gozag
Hepliaklqana
Kikubaaqudgha
Makhleb
Nemelex Xobeh
Okawaru
Qazlal
Ru
Sif Muna
Trog
Uskayaw
Vehumet
Wu Jian
Xom
Yredelemnul
Zin
The Shining One
Beogh
Jiyva
Lugonu

Shops:
D [*!?


Innate Abilities, Weirdness & Mutations

You have a beak for a mouth.
You have claws for feet.
You can fly continuously.


Message History

The frozen ramparts melt away.
Your Conjurations skill increases to level 18!
Unknown command.
Unknown command.
Unknown command.
You pick up Sif Muna's Catalogue of Combat Magic and begin reading...
You add the spell Orb of Destruction to your library.
You pick up Sif Muna's Hermeneutics, and How To Use It and begin reading...
You add the spells Cause Fear, Animate Dead, Dispel Undead, Passage of Golubria and Petrify to your library.
A fire giant opens the door.
Unknown command.
You feel much better. The fire giant casts a spell at you.
The fireball explodes!
The fireball engulfs you!!
Unknown command.
You feel much better. The fire giant casts a spell at you.
The fireball explodes!
The fireball engulfs you!!!
Ouch! That really hurt!
You die...

.....÷'†........'.........[(('...
▓▓▓▓▓▓▓▓▓▓▓▓▓▓▓▓▓▓▓▓▓▓▓▓▓▓▓▓▓▓▓▓▓
...[....(........................
▓▓▓▓▓▓▓▓▓▓▓▓▓▓▓▓▓▓▓▓▓▓▓▓▓▓▓▓▓▓▓▓▓
..)).)))).)..)))).)))∩.∩.∩.∩.....
▓▓▓▓▓▓▓▓▓▓▓▓▓▓▓▓▓▓▓▓▓▓▓▓▓▓▓▓▓▓▓▓▓
..........................)).....
▓▓▓▓▓▓▓▓▓▓▓▓▓▓▓▓▓▓▓▓▓▓▓▓▓▓▓▓▓▓▓▓▓
[[[[[[[....(...)@'CC).).,,,,,,,,,
▓▓▓▓▓▓▓▓▓▓▓▓▓▓▓▓▓▓▓▓▓▓▓▓*********
,,,,,,,,,,,,,,,,,,,,,,,,,,,,,,,,,
*********************************
+,,,,,,,,,+,,,,,,,,,+≈≈≈,,,≈≈≈+,,
*********************************
,,,,,,,,,,,,,,,,,,,,,,,,,,,,,,,,,
*********************************
,,,,,,,,,,,+,,,,,,,,,,,,,,,,,,,,,


You could see a fire giant and an ettin.

Vanquished Creatures
  A lich (D)
  2 stone giants (D)
  Josephine (D)
  A rakshasa (D)
  2 two-headed ogres (D)
  A centaur warrior (D)
  6 ogre magi (D)
  A tengu warrior (D)
  Urug (D)
  An orc high priest (D)
  An orc knight (D)
  2 lindwurms (D)
  A deep elf mage (D)
  An ugly thing (D)
  An orc sorcerer (D)
  Joseph (D)
  A black mamba (D)
  A cane toad (D)
  A rime drake (D)
  A komodo dragon (D)
  A kobold demonologist (D)
  A jumping spider (shapeshifter) (D)
  2 tyrant leeches (D)
  A polar bear (D)
  A blink frog (D)
  2 wyverns (D)
  5 wraiths (D)
  3 yaks (D)
  4 basilisks (D)
  A water moccasin (D)
  9 orc warriors (D)
  7 ogres (D)
  A centaur (D)
  5 bullfrogs (D)
  A wight (D)
  A quasit (D)
  3 orc wizards (D)
  5 orc priests (D)
  A hell rat (D)
  An iguana (D)
  A white imp (D)
  An adder zombie (D)
  4 worms (D)
  4 orcs (D)
  A bat skeleton (D)
  2 giant cockroaches (D)
  A hobgoblin (D)
  A giant cockroach zombie (D)
  2 jackal skeletons (D)
  2 kobolds (D)
  A quokka skeleton (D)
  A rat (D)
104 creatures vanquished.

Vanquished Creatures (others)
  An unseen horror (D)
1 creature vanquished.

Grand Total: 105 creatures vanquished

Notes
Turn   | Place    | Note
-------+----------+-------------------------------------------
     0 | D        | rocky1 the Tengu Air Elementalist began the quest for the
                  | Orb.
     0 | D        | Reached XP level 1. HP: 10/10 MP: 4/4
     5 | D        | Reached skill level 2 in Conjurations
     6 | D        | Reached skill level 3 in Conjurations
     6 | D        | Reached skill level 5 in Air Magic
   135 | D        | Noticed an ogre
   138 | D        | Reached XP level 2. HP: 15/15 MP: 3/6
   141 | D        | Reached skill level 4 in Conjurations
   142 | D        | Killed an ogre
   143 | D        | Reached skill level 8 in Conjurations
   143 | D        | Reached XP level 3. HP: 18/19 MP: 0/7
   143 | D        | Reached XP level 4. HP: 23/24 MP: 0/8
   315 | D        | Found a roughly hewn altar of Beogh.
   315 | D        | Found a snail-covered altar of Cheibriados.
   315 | D        | Found a shadowy altar of Dithmenos.
   315 | D        | Found a white marble altar of Elyvilon.
   315 | D        | Found a blossoming altar of Fedhas.
   315 | D        | Found an opulent altar of Gozag.
   316 | D        | Found a hazy altar of Hepliaklqana.
   317 | D        | Found a viscous altar of Jiyva.
   318 | D        | Found an ancient bone altar of Kikubaaqudgha.
   319 | D        | Found a corrupted altar of Lugonu.
   320 | D        | Found a burning altar of Makhleb.
   321 | D        | Found a sparkling altar of Nemelex Xobeh.
   322 | D        | Found an iron altar of Okawaru.
   323 | D        | Found a stormy altar of Qazlal.
   324 | D        | Found a sacrificial altar of Ru.
   325 | D        | Found a shimmering blue altar of Sif Muna.
   326 | D        | Found a bloodstained altar of Trog.
   327 | D        | Found a hide-covered altar of Uskayaw.
   328 | D        | Found a radiant altar of Vehumet.
   329 | D        | Found an ornate altar of the Wu Jian Council.
   330 | D        | Found a shimmering altar of Xom.
   331 | D        | Found a basalt altar of Yredelemnul.
   332 | D        | Found a glowing silver altar of Zin.
   333 | D        | Found a glowing golden altar of the Shining One.
   341 | D        | Became a worshipper of Sif Muna the Loreminder
   383 | D        | Noticed a centaur
   383 | D        | Noticed a bullfrog
   383 | D        | Noticed a yak
   388 | D        | Killed a centaur
   388 | D        | Reached * piety under Sif Muna
   389 | D        | Reached skill level 9 in Conjurations
   389 | D        | Reached skill level 10 in Air Magic
   389 | D        | Gained mutation: You can fly continuously. [Tengu growth]
   389 | D        | Reached XP level 5. HP: 18/28 MP: 3/9
   395 | D        | Reached skill level 10 in Conjurations
   395 | D        | Reached XP level 6. HP: 23/32 MP: 1/10
   399 | D        | Killed a yak
   399 | D        | Reached ** piety under Sif Muna
   400 | D        | Reached skill level 11 in Conjurations
   400 | D        | Reached skill level 5 in Invocations
   489 | D        | Learned a level 5 spell: Lightning Bolt
   612 | D        | Noticed a wyvern
   612 | D        | Noticed a red ugly thing
   612 | D        | Noticed a centaur warrior
   614 | D        | Reached XP level 7. HP: 36/36 MP: 6/12
   616 | D        | Killed a red ugly thing
   616 | D        | Killed a wyvern
   616 | D        | Reached *** piety under Sif Muna
   617 | D        | Reached skill level 12 in Conjurations
   617 | D        | Reached XP level 8. HP: 3/46 MP: 7/14
   617 | D        | Killed an unseen horror
   618 | D        | Killed a centaur warrior
   619 | D        | Reached skill level 5 in Long Blades
   619 | D        | Reached skill level 5 in Armour
   619 | D        | Reached skill level 5 in Dodging
   619 | D        | Reached skill level 5 in Spellcasting
   619 | D        | Reached skill level 13 in Conjurations
   619 | D        | Reached XP level 9. HP: 23/52 MP: 10/17
   810 | D        | Learned a level 4 spell: Airstrike
   923 | D        | Reached **** piety under Sif Muna
   924 | D        | Reached skill level 5 in Fighting
   992 | D        | Noticed a rime drake
  1070 | D        | Reached ***** piety under Sif Muna
  1162 | D        | Killed a rime drake
  1162 | D        | Received a gift from Sif Muna
  1170 | D        | Learned a level 3 spell: Frozen Ramparts
  1174 | D        | Learned a level 3 spell: Ozocubu's Armour
  1291 | D        | Noticed a cane toad
  1291 | D        | Noticed a black mamba
  1293 | D        | Killed a cane toad
  1293 | D        | Killed a black mamba
  1293 | D        | Noticed a komodo dragon
  1294 | D        | Reached skill level 14 in Conjurations
  1294 | D        | Reached XP level 10. HP: 61/61 MP: 9/20
  1360 | D        | Identified Sif Muna's Volume of Damaging Stones (Sif Muna
                  | gifted it to you in the Dungeon)
  1360 | D        | Received a gift from Sif Muna
  1572 | D        | Noticed a lindwurm
  1573 | D        | Identified Sif Muna's Reference Book on Heat (Sif Muna
                  | gifted it to you in the Dungeon)
  1573 | D        | Received a gift from Sif Muna
  1573 | D        | Noticed a lindwurm
  1690 | D        | Killed a lindwurm
  1690 | D        | Killed a lindwurm
  1932 | D        | Noticed Joseph
  1937 | D        | Killed Joseph
  2181 | D        | Noticed a stone giant
  2183 | D        | Reached XP level 11. HP: 67/67 MP: 17/23
  2191 | D        | Killed a stone giant
  2191 | D        | Received a gift from Sif Muna
  2192 | D        | Reached skill level 5 in Ice Magic
  2245 | D        | Learned a level 9 spell: Fire Storm
  2319 | D        | Noticed an orc high priest
  2319 | D        | Noticed an orc knight
  2325 | D        | Identified Zol Koaph's Compendium of Fetching Battle Magic
                  | (Sif Muna gifted it to you in the Dungeon)
  2325 | D        | Received a gift from Sif Muna
  2327 | D        | Reached skill level 1 in Fire Magic
  2327 | D        | Killed an orc high priest
  2328 | D        | Reached skill level 10 in Invocations
  2331 | D        | Killed an orc knight
  2331 | D        | Noticed an orc sorcerer
  2332 | D        | Reached skill level 15 in Conjurations
  2334 | D        | Noticed a sixfirhy
  2334 | D        | Killed an orc sorcerer
  2352 | D        | Identified Sif Muna's Handbook of Attacks (Sif Muna gifted
                  | it to you in the Dungeon)
  2352 | D        | Received a gift from Sif Muna
  2352 | D        | Reached ****** piety under Sif Muna
  2530 | D        | Found Ruam's Antique Armour Emporium.
  2530 | D        | Noticed an ogre mage
  2530 | D        | Noticed an ogre mage
  2530 | D        | Noticed an ogre mage
  2530 | D        | Noticed an ogre mage
  2534 | D        | Killed an ogre mage
  2534 | D        | Killed an ogre mage
  2535 | D        | Reached skill level 10 in Long Blades
  2535 | D        | Reached skill level 15 in Air Magic
  2538 | D        | Killed an ogre mage
  2539 | D        | Reached skill level 5 in Fire Magic
  2540 | D        | Killed an ogre mage
  2540 | D        | Identified Sif Muna's Handbook of the Entourage and Hexes
                  | (Sif Muna gifted it to you in the Dungeon)
  2540 | D        | Received a gift from Sif Muna
  2541 | D        | Reached skill level 16 in Conjurations
  2560 | D        | Noticed an ogre mage
  2561 | D        | Reached XP level 12. HP: 76/76 MP: 14/26
  2582 | D        | Noticed a two-headed ogre
  2587 | D        | Killed a two-headed ogre
  2588 | D        | Killed an ogre mage
  2589 | D        | Reached skill level 10 in Spellcasting
  2589 | D        | Noticed an ogre mage
  2593 | D        | Paralysed by an ogre mage for 5 turns
  2598 | D        | Killed an ogre mage
  2797 | D        | Found Jixofeiko's Assorted Antiques.
  2801 | D        | Found Zioly's Distillery.
  2804 | D        | Found Hulur's Magic Scroll Shoppe.
  2841 | D        | Bought 2 potions of heal wounds for 110 gold pieces
  2841 | D        | Bought a potion of curing for 33 gold pieces
  2841 | D        | Bought a potion of brilliance for 44 gold pieces
  2841 | D        | Bought a potion of degeneration for 11 gold pieces
  2841 | D        | Bought a potion of curing for 33 gold pieces
  2841 | D        | Bought a potion of invisibility for 88 gold pieces
  2841 | D        | Bought a potion of curing for 33 gold pieces
  2841 | D        | Bought a potion of flight for 33 gold pieces
  2845 | D        | Bought a scroll of fear for 49 gold pieces
  2845 | D        | Bought a scroll of brand weapon for 280 gold pieces
  2845 | D        | Bought a scroll of enchant weapon for 105 gold pieces
  2845 | D        | Bought a scroll of magic mapping for 49 gold pieces
  2849 | D        | Bought 2 scrolls of enchant armour for 315 gold pieces
  2849 | D        | Bought a scroll of identify for 42 gold pieces
  2849 | D        | Bought a scroll labelled IFATRU VEUSKI for 21 gold pieces
  2849 | D        | Bought 2 bubbling cyan potions for 37 gold pieces
  2849 | D        | Bought a scroll of identify for 42 gold pieces
  2851 | D        | Bought a dyed leather armour for 125 gold pieces
  2851 | D        | Bought an embroidered robe for 92 gold pieces
  2884 | D        | Bought a potion of haste for 210 gold pieces
  2920 | D        | Noticed Urug
  2921 | D        | Noticed Josephine
  2925 | D        | Killed Josephine
  2925 | D        | Identified Sif Muna's Catalogue of Attacks (Sif Muna gifted
                  | it to you in the Dungeon)
  2925 | D        | Received a gift from Sif Muna
  2926 | D        | Killed Urug
  3140 | D        | Noticed a two-headed ogre
  3140 | D        | Noticed a tengu warrior
  3143 | D        | Killed a two-headed ogre
  3144 | D        | Reached skill level 17 in Conjurations
  3144 | D        | Identified Sif Muna's Catalogue of Combat Magic (Sif Muna
                  | gifted it to you in the Dungeon)
  3144 | D        | Received a gift from Sif Muna
  3146 | D        | Noticed a lich
  3147 | D        | Killed a tengu warrior
  3149 | D        | Killed a lich
  3151 | D        | Noticed a stone giant
  3162 | D        | Noticed a rakshasa
  3167 | D        | Killed a stone giant
  3167 | D        | Noticed a fire giant
  3168 | D        | Reached XP level 13. HP: 48/80 MP: 11/29
  3169 | D        | Identified Sif Muna's Hermeneutics, and How To Use It (Sif
                  | Muna gifted it to you in the Dungeon)
  3169 | D        | Received a gift from Sif Muna
  3170 | D        | Reached skill level 10 in Fire Magic
  3170 | D        | Noticed an ettin
  3172 | D        | HP: 4/80 [closed door to the Dungeon collision (19)]
  3174 | D        | Killed a rakshasa
  3175 | D        | Reached skill level 18 in Conjurations
  3177 | D        | Killed from afar by a fire giant

Illustrated notes

Levels and vault maps discovered:
D:        linesprint [early_d, line_temple, items_1, d_10, items_2, lair_1,
          lair_end, items_3, orc_1, orc_end, items_4, d_15, swamp_1, shoals_1,
          snake_1, spider_1, d_20, vaults_1, items_5, swamp_end, shoals_end,
          snake_end, spider_end, vaults_end, d_27, items_6, zot_1, zot_end,
          crypt_end, forest_end, elf_end, slime_end, tomb_end, abyss_end,
          pan_hell_end]

Skill      XL: |  1  2  3  4  5  6  7  8  9 10 11 12 13 |
---------------+----------------------------------------+-----
Conjurations   | 3 8 9 10 11 12 13 14 16 17 18 | 18.1
Air Magic      | 5 9 10 12 13 14 15 17 | 17.8
Invocations    | 3 4 5 6 7 8 9 10 | 10.2
Fighting       | 3 4 6 7 9 |  9.0
Long Blades    | 3 5 7 8 10 13 | 13.3
Armour         | 3 5 7 |  7.9
Dodging        | 4 5 7 8 |  8.4
Spellcasting   | 3 5 6 7 9 11 | 11.7
Ice Magic      | 2 4 6 |  6.0
Fire Magic     | 5 9 10 | 10.2
Stealth        | |  2.0

Action                   |  1- 3 |  4- 6 |  7- 9 | 10-12 | 13-15 || total
-------------------------+-------+-------+-------+-------+-------++-------
Melee: Short sword       |     2 |       |       |       |       ||     2
       Kick              |     1 |     1 |     1 |     6 |       ||     9
       Scimitar          |       |     6 |     2 |    13 |     1 ||    22
       Peck              |       |     1 |       |     1 |       ||     2
 Cast: Shock             |     7 |     9 |     2 |    18 |     1 ||    37
       Lightning Bolt    |       |     1 |    14 |    62 |     2 ||    79
       Airstrike         |       |       |       |     4 |       ||     4
       Frozen Ramparts   |       |       |       |     7 |       ||     7
       Ozocubu's Armour  |       |       |       |     6 |       ||     6
       Fire Storm        |       |       |       |     1 |       ||     1
Invok: Channel Magic     |       |       |     1 |     8 |     1 ||    10
       Divine Exegesis   |       |       |       |     1 |       ||     1
  Use: Potion            |       |     1 |     1 |     1 |     3 ||     6
       Scroll            |       |       |       |     3 |       ||     3
Armor: Robe              |       |     1 |       |       |       ||     1
       Leather armour    |       |       |       |     5 |       ||     5
Dodge: Dodged            |     3 |    11 |     1 |    29 |     2 ||    46
       Rpst.: Scimitar   |       |     1 |       |     2 |       ||     3

Table legend: (Time is in decaauts)
 A = Elapsed time spent in this place.
 B = Non-inter-level travel time spent in this place.
 C = Inter-level travel time spent in this place.
 D = Time resting spent in this place.
 E = Time spent auto-exploring this place.
 F = Levels seen in this place.
 G = Mean time per level.
                   A        B        C        D        E       F      G
               +--------+--------+--------+--------+--------+-----+--------+
         Total |   3176 |   3176 |      0 |   2146 |      0 |   1 | 3176.0 |
       Dungeon |   3176 |   3176 |      0 |   2146 |      0 |   1 | 3176.0 |
               +--------+--------+--------+--------+--------+-----+--------+

Top non-repeatable levels by time:
       D: 3176 daAuts
